 Dungeon Crawl Stone Soup version 0.23.0-42-geed6394480 (webtiles) character file.

Game seed: 2243916106378382434

2412 DildoBatman the Sneak (level 9, -10/81 HPs)
             Began as an Octopode Wizard on Feb 28, 2019.
             Was a Follower of Kikubaaqudgha.
             Mangled by a two-headed ogre
             ... wielding a +0 giant spiked club
              (17 damage)
             ... on level 8 of the Dungeon.
             The game lasted 00:21:22 (6512 turns).

DildoBatman the Sneak (Octopode Wizard)             Turns: 6512, Time: 00:21:22

Health: -10/81     AC: 24    Str:  6    XL:     9   Next: 47%
Magic:  11/16      EV:  2    Int: 23    God:    Kikubaaqudgha [*.....]
Gold:   367        SH:  0    Dex: 11    Spells: 7/17 levels left

rFire    . . .     SeeInvis .   a - +2 dagger (venom)
rCold    . . .     Gourm    .   (no shield)
rNeg     + + +     Faith    +   (helmet currently unavailable)
rPois    +         Spirit   .   q - amulet of faith
rElec    .         Reflect  .   P - ring of positive energy
rCorr    .         Harm     .   R - ring of flight
MR       .....     NoTele   +   (no ring)
Stlth    +++.......             (no ring)
HPRegen  0.23/turn              (no ring)
MPRegen  0.15/turn              (no ring)
                                (no ring)
                                (no ring)

@: tree-form, slowed, very slow
A: almost no armour, stealthy swim, (amphibious), 8 rings, (constrict 8)
a: Receive Corpses, Renounce Religion


You were on level 8 of the Dungeon.
You worshipped Kikubaaqudgha.
Kikubaaqudgha was aware of your devotion.
You were not hungry.
You were a tree.
You visited 2 branches of the dungeon, and saw 9 of its levels.

You collected 367 gold pieces.

Inventory:

Hand Weapons
 a - a +2 dagger of venom (weapon)
 b - a +3 mace of freezing
 c - a +0 spear
 r - a +1 mace of protection
 L - a cursed -3 mace
 N - a +0 shortbow
 Q - a +2 vampiric short sword
Missiles
 l - 129 sling bullets
 B - 51 arrows
 K - 7 poisoned needles
 M - 241 stones (quivered)
 T - 2 throwing nets
Armour
 i - a +0 hat (melded)
Magical Staves
 S - an uncursed staff of death {unknown}
Jewellery
 q - an amulet of faith (around neck)
 H - an uncursed amulet of the gourmand {unknown}
 P - a ring of positive energy (left branch)
 R - a ring of flight (right branch)
Wands
 y - a wand of digging (7)
 E - a wand of random effects (20)
 J - a wand of paralysis (12)
Scrolls
 g - a scroll of vulnerability {unknown}
 h - a scroll of enchant armour {unknown}
 j - 2 scrolls of random uselessness {unknown}
 k - 5 scrolls of teleportation
 n - a scroll of fear {unknown}
 u - 2 scrolls of blinking {unknown}
 w - a scroll of enchant weapon {unknown}
 z - 5 scrolls of identify
 C - 3 scrolls of fog
 D - 2 scrolls of remove curse {unknown}
 G - a scroll of immolation {unknown}
 I - 2 scrolls of noise {unknown}
 O - a scroll of amnesia {unknown}
Potions
 d - 2 potions of resistance {unknown}
 e - 2 potions of mutation {unknown}
 f - 3 potions of flight {unknown}
 m - 4 potions of lignification
 o - 2 potions of ambrosia {unknown}
 p - 6 potions of curing
 s - 2 potions of heal wounds {unknown}
 t - a potion of degeneration {unknown}
 x - 2 potions of invisibility {unknown}
 A - 3 potions of might
 F - a potion of berserk rage {unknown}
Comestibles
 v - 12 rations
 U - 2 chunks of flesh


   Skills:
 - Level 2.1 Fighting
 - Level 2.0 Short Blades
 - Level 4.1 Dodging
 - Level 6.0 Stealth
 * Level 4.6 Spellcasting
 - Level 5.0 Conjurations
 - Level 2.7 Charms
   Level 1.0 Summonings
 * Level 2.9 Necromancy
   Level 1.0 Translocations
 * Level 3.4 Fire Magic
 - Level 4.0 Air Magic
 * Level 5.3 Poison Magic


You had 7 spell levels left.
You knew the following spells:

 Your Spells              Type           Power        Failure   Level  Hunger
a - Conjure Flame         Conj/Fire      ####....     4%          3    ##.....
c - Magic Dart            Conj           ####         1%          1    None
d - Regeneration          Chrm/Necr      ###.......   9%          3    ##.....
e - Mephitic Cloud        Conj/Pois/Air  ####....     4%          3    ##.....

Your spell library contained the following spells:

 Spells                   Type           Power        Failure   Level  Hunger
 Pain                     Necr           ###.         3%          1    None
 Corpse Rot               Necr           N/A          4%          2    None
 Sublimation of Blood     Necr           ###.......   4%          2    None
 Blink                    Tloc           N/A          10%         2    None
 Call Imp                 Summ           ##......     10%         2    None
 Slow                     Hex            #.......     14%         2    None


Dungeon Overview and Level Annotations

Branches:
Dungeon (8/15)             Temple (1/1) D:4
   Lair: D:8-11

Altars:
Ashenzari
Cheibriados
Dithmenos
Elyvilon
Fedhas
Gozag
Hepliaklqana
Kikubaaqudgha
Makhleb
Okawaru
Qazlal
Ru
Sif Muna
Trog
Wu Jian
Xom
Yredelemnul
Zin
The Shining One

Annotations:
D:6 2 transporters, Name63's ghost, novice MiMo


Innate Abilities, Weirdness & Mutations

You cannot wear most types of armour.
You are very stealthy in the water. (Stealth+)
((You are amphibious.))
You can wear up to eight rings at the same time.
((You can use your tentacles to constrict eight enemies at once.))
((Your skin changes colour to match your surroundings (Stealth+).))
((Your rubbery body absorbs attacks. (AC +1, EV +1)))


Message History

The kobold barely misses you. The iguana barely misses you.
The spriggan baker misses you.
Casting: Mephitic Cloud (safe; 4% risk of failure)
Confirm with . or Enter, or press ? or * to list all spells.
Aiming: Mephitic Cloud (safe; 4% risk of failure)
Press: ? - help, Shift-Dir - straight line, f - spriggan baker
Aim: a spriggan baker, wielding a +0 dagger and wearing a +0 robe
Okay, then.
Unknown command.
You turn into a tree.
Your +0 hat melds into your body.
Your roots penetrate the ground.
The orc wizard mumbles some strange words.
The orc wizard blinks!
The iguana bites you but does no damage.
The spriggan baker hits you but does no damage.
The two-headed ogre hits you with a +0 giant spiked club!
You die...
Kikubaaqudgha rasps: "You have failed me!
Welcome... death!"

..... #.......o
...... #........
...... ##†..?....
......####o(....o..
...[..(.oo........
###....§.........
###K...........
###.OK.o.(.......
###..♣iKK#.........
#.<..ol....#.......
#.............#......
#..............##...
#...............##.
#.......[........
#................
##..............
##.........


You could see a two-headed ogre, a big kobold, a spriggan baker, an iguana, an
orc priest, an orc wizard, 3 orcs and 3 kobolds.

Vanquished Creatures
  Harold (D:7)
  Prince Ribbit (D:6)
  A steam dragon (D:6)
  3 sky beasts (D:6)
  An ogre (D:3)
  A centaur (D:6)
  A bullfrog (D:8)
  A scorpion (D:7)
  A wight (D:8)
  A howler monkey (D:5)
  A crimson imp (D:6)
  A quasit (D:6)
  A jelly (D:7)
  A hound (D:7)
  3 orc priests
  2 centaur skeletons
  An iguana (D:5)
  3 orc wizards
  5 worker ants
  A hound skeleton (D:7)
  5 gnolls
  8 adders
  An adder zombie (D:7)
  2 worms
  A dart slug (D:5)
  4 leopard geckos
  13 orcs
  A ball python (D:6)
  10 bats
  7 giant cockroaches
  6 goblins
  12 hobgoblins
  9 jackals
  5 quokkas
  4 frilled lizards
  12 kobolds
  7 rats
138 creatures vanquished.

Notes
Turn   | Place    | Note
-------+----------+-------------------------------------------
     0 | D:1      | DildoBatman the Octopode Wizard began the quest for the
                  | Orb.
     0 | D:1      | Reached XP level 1. HP: 11/11 MP: 4/4
   249 | D:1      | Reached XP level 2. HP: 16/17 MP: 0/6
   542 | D:1      | Reached XP level 3. HP: 21/21 MP: 7/7
   547 | D:1      | Learned a level 3 spell: Conjure Flame
   551 | D:1      | Learned a level 3 spell: Mephitic Cloud
   941 | D:2      | Reached XP level 4. HP: 11/27 MP: 3/8
  1522 | D:2      | Found a shadowy altar of Dithmenos.
  1576 | D:2      | Reached XP level 5. HP: 32/32 MP: 7/9
  1789 | D:3      | Reached skill level 1 in Poison Magic
  1805 | D:3      | Found a snail-covered altar of Cheibriados.
  2137 | D:3      | Reached skill level 1 in Fighting
  2154 | D:3      | Reached skill level 1 in Short Blades
  2334 | D:3      | Reached skill level 1 in Air Magic
  2556 | D:3      | Reached XP level 6. HP: 38/38 MP: 10/10
  2882 | D:4      | Found a shimmering altar of Xom.
  3218 | D:4      | Found a staircase to the Ecumenical Temple.
  3229 | Temple   | Entered the Ecumenical Temple
  3473 | Temple   | Became a worshipper of Kikubaaqudgha
  3931 | D:5      | Entered Level 5 of the Dungeon
  3970 | D:5      | Reached skill level 5 in Conjurations
  3970 | D:5      | Reached XP level 7. HP: 45/45 MP: 6/11
  4401 | D:6      | Found a transporter.
  4403 | D:6      | Noticed Name63's ghost (novice MiMo)
  4408 | D:6      | Noticed a hungry ghost
  4409 | D:6      | Found a transporter.
  4428 | D:6      | Found an ornate altar of the Wu Jian Council.
  4468 | D:6      | Reached skill level 3 in Stealth
  4520 | D:6      | Reached * piety under Kikubaaqudgha
  4520 | D:6      | Identified Kikubaaqudgha's Compendium of Black Magic
                  | (Kikubaaqudgha gifted it to you on level 6 of the Dungeon)
  4520 | D:6      | Received a gift from Kikubaaqudgha
  4520 | D:6      | Reached skill level 1 in Fire Magic
  4521 | D:6      | Noticed Prince Ribbit
  4535 | D:6      | Killed Prince Ribbit
  4546 | D:6      | Learned a level 3 spell: Regeneration
  4734 | D:6      | Reached XP level 8. HP: 18/50 MP: 4/13
  4858 | D:6      | Reached skill level 4 in Stealth
  5091 | D:6      | Reached skill level 1 in Charms
  5091 | D:6      | Reached skill level 1 in Necromancy
  5891 | D:7      | Noticed Harold
  5932 | D:7      | Reached skill level 5 in Stealth
  6007 | D:7      | Killed Harold
  6007 | D:7      | Reached skill level 5 in Poison Magic
  6007 | D:7      | Reached XP level 9. HP: 9/54 MP: 3/15
  6073 | D:7      | Found an opulent altar of Gozag.
  6504 | D:8      | Reached skill level 6 in Stealth
  6506 | D:8      | Noticed a two-headed ogre
  6512 | D:8      | Mangled by a two-headed ogre

Skill      XL: |  1  2  3  4  5  6  7  8  9 |
---------------+----------------------------+-----
Conjurations   | 2 3 4 5 |  5.0
Poison Magic   | 1 3 5 |  5.3
Fighting       | 1 2 |  2.1
Short Blades   | 1 2 |  2.0
Air Magic      | 1 2 4 |  4.0
Stealth        | 3 5 6 |  6.0
Fire Magic     | 1 3 |  3.4
Dodging        | 4 |  4.1
Charms         | 2 |  2.7
Necromancy     | 2 |  2.9
Spellcasting   | 4 |  4.6
Summonings     | |  1.0
Translocations | |  1.0

Action                   |  1- 3 |  4- 6 |  7- 9 || total
-------------------------+-------+-------+-------++-------
Melee: Club              |     7 |       |       ||     7
       Constrict         |     8 |    28 |    23 ||    59
       Tentacles         |     4 |    11 |    15 ||    30
       Dagger            |    12 |    97 |   106 ||   215
 Cast: Magic Dart        |    41 |    88 |    36 ||   165
       Mephitic Cloud    |     1 |     8 |    14 ||    23
       Conjure Flame     |       |     1 |    10 ||    11
       Regeneration      |       |       |     7 ||     7
Evoke: Wand              |       |       |     1 ||     1
  Use: Scroll            |       |       |     5 ||     5
       Potion            |       |       |     2 ||     2
 Stab: Sleeping          |     2 |     6 |     4 ||    12
       Confused          |     1 |     3 |     9 ||    13
       Paralysed         |       |       |     2 ||     2
  Eat: Chunk             |       |    10 |     7 ||    17
       Ration            |       |       |     1 ||     1
Armor: Skin              |     2 |     7 |     8 ||    17
Dodge: Dodged            |    21 |    61 |    67 ||   149
